Kings vs Bruins
Created - March 1, 2021 at 19:12
Goals
|
| Kings |
1 |
1 |
0 |
2 |
| Bruins |
3 |
0 |
2 |
5 |
|
Shots
|
| Kings |
14 |
13 |
14 |
41 |
| Bruins |
14 |
8 |
11 |
33 |
|
1st period
1. Kings , Anze Kopitar 29 (Kyle Clifford 30) at 1:25 (PP)
2. Bruins , Henrik Sedin 12 (Wojtek Wolski 34) at 4:59
3. Bruins , Scott Hartnell 11 (Jonathan Toews 32, Kevin Poulin) at 8:54
4. Bruins , Jonathan Toews 30 (Victor Oreskovich 22, Matt Read 13) at 9:48
Penalties :
Johnny Boychuk (Bos) for Tripping (Minor) at 1:22, Dan Hamhuis (Bos) for Hooking (Minor) at 10:12, Kris Chucko (Bos) for Holding (Minor) at 19:34
2nd period
5. Kings , Jordan Staal 16 (Seth Jones 19, Jacob Trouba 11) at 14:51
Penalties :
David Pastrnak (LAK) for Tripping (Minor) at 4:39, Ian Cole (Bos) for Cross-checking (Minor) at 8:13, Victor Oreskovich (Bos) for Elbowing (Minor) at 18:32, Anze Kopitar (LAK) for Slashing (Minor) at 18:39, Shea Weber (LAK) for Hooking (Minor) at 19:23
3rd period
6. Bruins , Wojtek Wolski 25 (Victor Oreskovich 23, Zack Kassian 29) at 0:44 (PP)
7. Bruins , Zack Kassian 34 (Jason Demers 28, Wojtek Wolski 35) at 6:21
Penalties :
Johnny Boychuk (Bos) for Tripping (Minor) at 3:27, Shea Weber (LAK) for Hooking (Minor) at 4:07
Goalie Stats
Brian Elliott (LAK), 28 saves from 33 shots - (0.848), L, 14-11-2, 60:00 minutes
Kevin Poulin (Bos), 39 saves from 41 shots - (0.951), W, 31-13-2, 60:00 minutes
Players Stats for Kings
Player Name G A P +/- PIM S H SB GA TA FO MP PP MP PK MP
------------------------------------------------------------------------------------
Anze Kopitar 1 0 1 -2 2 5 2 0 0 0 15/36 22:59 4:41 1:34
Blake Wheeler 0 0 0 1 0 3 0 0 0 0 0/3 15:36 2:05 0:00
Colton Parayko 0 0 0 0 0 1 3 2 0 0 0/0 28:18 4:18 2:51
David Pastrnak 0 0 0 0 2 3 0 0 0 0 0/0 6:24 0:00 0:00
Eric Nystrom 0 0 0 -1 0 4 1 0 1 0 1/3 12:18 0:00 0:00
Gabriel Landeskog 0 0 0 0 0 1 0 0 0 2 1/1 17:02 2:05 1:11
Jacob Trouba 0 1 1 0 0 0 1 0 0 0 0/0 13:02 0:00 0:16
Jeff Tambellini 0 0 0 0 0 0 0 0 0 0 1/2 7:31 0:00 1:06
Jordan Staal 1 0 1 1 0 7 0 0 0 1 7/12 19:07 2:05 1:28
Kyle Clifford 0 1 1 -3 0 2 2 1 1 1 0/2 21:07 4:42 0:45
Ladislav Smid 0 0 0 -3 0 1 0 2 0 0 0/0 20:15 2:29 1:09
Nathan MacKinnon 0 0 0 -1 0 3 1 0 0 0 3/6 11:34 0:00 0:00
Raphael Diaz 0 0 0 -3 0 2 4 1 1 0 0/0 20:15 2:29 1:09
Sergei Shirokov 0 0 0 -2 0 6 0 0 0 0 0/0 20:07 4:42 0:00
Sergey Kalinin 0 0 0 0 0 0 0 0 0 0 1/3 7:06 0:00 0:41
Seth Jones 0 1 1 0 0 1 0 2 0 1 0/0 12:48 0:00 1:21
Shea Weber 0 0 0 -1 4 0 0 0 4 0 0/0 25:35 4:17 1:14
Steve Bernier 0 0 0 -1 0 2 1 0 0 1 0/0 11:34 0:00 0:00
Players Stats for Bruins
Player Name G A P +/- PIM S H SB GA TA FO MP PP MP PK MP
------------------------------------------------------------------------------------
Brendan Smith 0 0 0 2 0 3 1 0 2 0 0/0 28:37 2:12 4:33
Casey Cizikas 0 0 0 0 0 0 0 0 0 0 3/3 7:17 0:00 0:00
Dan Hamhuis 0 0 0 1 2 1 1 0 0 0 0/0 17:16 0:40 1:38
Henrik Sedin 1 0 1 1 0 4 0 0 0 0 14/20 18:27 1:10 1:53
Ian Cole 0 0 0 0 2 0 1 1 0 0 0/0 13:38 0:00 0:01
Jason Demers 0 1 1 2 0 1 3 2 0 2 0/0 28:37 2:12 4:33
Johnny Boychuk 0 0 0 2 4 2 1 0 0 0 0/0 18:46 1:20 2:14
Jonathan Toews 1 1 2 1 0 3 1 2 1 0 8/15 15:50 0:49 1:53
Kris Chucko 0 0 0 0 2 0 0 0 0 0 0/0 7:35 0:00 0:09
Matt Read 0 1 1 0 0 1 3 0 0 0 0/0 11:06 0:00 0:00
Mike Ribeiro 0 0 0 0 0 0 0 0 1 0 2/7 11:06 0:00 0:00
Rene Bourque 0 0 0 0 0 1 1 0 0 0 0/0 7:17 0:00 0:00
Scott Hartnell 1 0 1 1 0 1 1 0 0 0 1/1 13:52 0:49 0:00
Slava Voynov 0 0 0 0 0 0 0 1 0 2 0/0 14:05 0:00 0:35
T.J Galiardi 0 0 0 0 0 1 1 1 0 0 1/1 11:23 0:00 0:09
Victor Oreskovich 0 2 2 1 2 2 2 0 2 1 0/1 14:04 1:02 0:00
Wojtek Wolski 1 2 3 2 0 7 1 0 0 0 10/19 25:30 2:03 4:45
Zack Kassian 1 1 2 2 0 6 0 0 0 2 0/1 25:30 2:03 4:45
3 Stars
1 - Wojtek Wolski (Bos)
2 - Kevin Poulin (Bos)
3 - Zack Kassian (Bos)
Power Play
Kings - 1 on 6 Attempt(s) - 16.67%
Bruins - 1 on 4 Attempt(s) - 25.00%
Penalty Kill
Kings - 3 on 4 Attempt(s) - 75.00%
- Score 0 goal in Penalty Kill
Bruins - 5 on 6 Attempt(s) - 83.33%
- Score 0 goal in Penalty Kill
Team Stat
Kings - Hits : 15 - Faceoff Wins : 29 - Blocked Shots : 8 - Penalty Minutes : 8
Bruins - Hits : 17 - Faceoff Wins : 39 - Blocked Shots : 7 - Penalty Minutes : 12
Official
Referees : Unknown
Linesman : Unknown
Game Notes
No Game Note
Finance
Level 1 -- Attendance: 4195 (69.92%) -- Ticket Income $520,180
Level 2 -- Attendance: 3664 (73.28%) -- Ticket Income $274,800
Level 3 -- Attendance: 1612 (80.60%) -- Ticket Income $70,928
Level 4 -- Attendance: 3844 (96.10%) -- Ticket Income $111,476
Luxury Box -- Attendance: 702 (70.20%) -- Ticket Income $153,738
Game was played at the TD Banknorth Garden.
Total Attendance: 14017 (77.87%)
Total Ticket Income: $1,131,122
Other Income: $169,668
Total Income: $1,300,790
Kings
5 vs 5 Forward
Center Left Wing Right Wing Time % Phy DF OF
1 Anze Kopitar Kyle Clifford Sergei Shirokov 40 1 2 2
2 Jordan Staal Gabriel Landeskog Blake Wheeler 30 1 2 2
3 Nathan MacKinnon Eric Nystrom Steve Bernier 20 1 2 2
4 Sergey Kalinin Jeff Tambellini David Pastrnak 10 1 2 2
5 vs 5 Defense
Defense Defense Time % Phy DF OF
1 Colton Parayko Shea Weber 40 1 2 2
2 Raphael Diaz Ladislav Smid 30 1 2 2
3 Jacob Trouba Seth Jones 20 1 2 2
4 Colton Parayko Shea Weber 10 1 2 2
PowerPlay Forward
Center Left Wing Right Wing Time % Phy DF OF
1 Anze Kopitar Kyle Clifford Sergei Shirokov 60 1 2 2
2 Jordan Staal Gabriel Landeskog Blake Wheeler 40 1 2 2
PowerPlay Defense
Defense Defense Time % Phy DF OF
1 Colton Parayko Shea Weber 60 1 2 2
2 Raphael Diaz Ladislav Smid 40 1 2 2
Penalty Kill 4 Players Forward
Center Wing Time % Phy DF OF
1 Anze Kopitar Jordan Staal 60 1 2 2
2 Kyle Clifford Gabriel Landeskog 40 1 2 2
Penalty Kill 4 Players Defense
Defense Defense Time % Phy DF OF
1 Colton Parayko Shea Weber 60 1 2 2
2 Raphael Diaz Ladislav Smid 40 1 2 2
Penalty Kill - 3 Players Forward
Forward Time % Phy DF OF
1 Anze Kopitar 60 1 2 2
2 Jordan Staal 40 1 2 2
Penalty Kill - 3 Players Defense
Defense Defense Time % Phy DF OF
1 Colton Parayko Shea Weber 60 1 2 2
2 Raphael Diaz Ladislav Smid 40 1 2 2
4 vs 4 Forward
Center Wing Time % Phy DF OF
1 Anze Kopitar Jordan Staal 60 1 2 2
2 Kyle Clifford Gabriel Landeskog 40 1 2 2
4 vs 4 Defense
Defense Defense Time % Phy DF OF
1 Colton Parayko Shea Weber 60 1 2 2
2 Raphael Diaz Ladislav Smid 40 1 2 2
Last Minutes Offensive
Center Left Wing Right Wing Defense Defense
Anze Kopitar Kyle Clifford Sergei Shirokov Colton Parayko Shea Weber
Last Minutes Defensive
Center Left Wing Right Wing Defense Defense
Anze Kopitar Kyle Clifford Sergei Shirokov Colton Parayko Shea Weber
Goaltenders
Starting : Brian Elliott
Backup : Tuukka Rask
Extra Forwards
Normal : Eric Nystrom, Steve Bernier, Jeff Tambellini - PP : Eric Nystrom, Steve Bernier - PK : Jeff Tambellini
Extra Defensemen
Normal : Jacob Trouba, Seth Jones, Raphael Diaz - PP : Jacob Trouba - PK : Seth Jones, Raphael Diaz
Penalty Shots
Anze Kopitar, Jordan Staal, Kyle Clifford, Gabriel Landeskog, Sergei Shirokov
Scratches
Vitaly Vishnevsky (Healthy)
Bruins
5 vs 5 Forward
Center Left Wing Right Wing Time % Phy DF OF
1 Henrik Sedin Wojtek Wolski Zack Kassian 40 1 2 2
2 Jonathan Toews Scott Hartnell Victor Oreskovich 30 1 2 2
3 Mike Ribeiro T.J Galiardi Matt Read 20 1 2 2
4 Casey Cizikas Kris Chucko Rene Bourque 10 1 2 2
5 vs 5 Defense
Defense Defense Time % Phy DF OF
1 Jason Demers Brendan Smith 40 1 2 2
2 Johnny Boychuk Dan Hamhuis 30 1 2 2
3 Ian Cole Slava Voynov 20 1 2 2
4 Jason Demers Brendan Smith 10 1 2 2
PowerPlay Forward
Center Left Wing Right Wing Time % Phy DF OF
1 Henrik Sedin Wojtek Wolski Zack Kassian 60 1 2 2
2 Jonathan Toews Scott Hartnell Victor Oreskovich 40 1 2 2
PowerPlay Defense
Defense Defense Time % Phy DF OF
1 Jason Demers Brendan Smith 60 1 2 2
2 Johnny Boychuk Dan Hamhuis 40 1 2 2
Penalty Kill 4 Players Forward
Center Wing Time % Phy DF OF
1 Wojtek Wolski Zack Kassian 60 1 2 2
2 Henrik Sedin Jonathan Toews 40 1 2 2
Penalty Kill 4 Players Defense
Defense Defense Time % Phy DF OF
1 Jason Demers Brendan Smith 60 1 2 2
2 Johnny Boychuk Dan Hamhuis 40 1 2 2
Penalty Kill - 3 Players Forward
Forward Time % Phy DF OF
1 Wojtek Wolski 60 1 2 2
2 Zack Kassian 40 1 2 2
Penalty Kill - 3 Players Defense
Defense Defense Time % Phy DF OF
1 Jason Demers Brendan Smith 60 1 2 2
2 Johnny Boychuk Dan Hamhuis 40 1 2 2
4 vs 4 Forward
Center Wing Time % Phy DF OF
1 Wojtek Wolski Zack Kassian 60 1 2 2
2 Henrik Sedin Jonathan Toews 40 1 2 2
4 vs 4 Defense
Defense Defense Time % Phy DF OF
1 Jason Demers Brendan Smith 60 1 2 2
2 Johnny Boychuk Dan Hamhuis 40 1 2 2
Last Minutes Offensive
Center Left Wing Right Wing Defense Defense
Henrik Sedin Wojtek Wolski Zack Kassian Jason Demers Brendan Smith
Last Minutes Defensive
Center Left Wing Right Wing Defense Defense
Henrik Sedin Wojtek Wolski Zack Kassian Jason Demers Brendan Smith
Goaltenders
Starting : Kevin Poulin
Backup : Josh Tordjman
Extra Forwards
Normal : Mike Ribeiro, Matt Read, T.J Galiardi - PP : Mike Ribeiro, Matt Read - PK : T.J Galiardi
Extra Defensemen
Normal : Ian Cole, Slava Voynov, Johnny Boychuk - PP : Ian Cole - PK : Slava Voynov, Johnny Boychuk
Penalty Shots
Wojtek Wolski, Zack Kassian, Henrik Sedin, Jonathan Toews, Scott Hartnell
Scratches
Miikka Salomaki (Healthy)
% Time on Ice - Kings
Lines # - Real PCT - Wanted PCT - Time Play
Normal Forward
1 - 33% - 40% - 15:25
2 - 29% - 30% - 13:46
3 - 25% - 20% - 11:34
4 - 14% - 10% - 6:25
Normal Defense
1 - 38% - 40% - 18:08
2 - 35% - 30% - 16:37
3 - 24% - 20% - 11:27
4 - 2% - 10% - 0:58
PP Forward
1 - 69% - 60% - 4:42
2 - 31% - 40% - 2:05
PP Defense
1 - 63% - 60% - 4:18
2 - 37% - 40% - 2:29
PK Forward
1 - 73% - 60% - 2:00
2 - 27% - 40% - 0:45
PK Defense
1 - 58% - 60% - 1:36
2 - 42% - 40% - 1:09
PK3 Forward
1 - 100% - 60% - 1:15
2 - 0% - 40% - 0:00
PK3 Defense
1 - 100% - 60% - 1:15
2 - 0% - 40% - 0:00
44 Forward
1 - 100% - 60% - 2:03
2 - 0% - 40% - 0:00
44 Defense
1 - 100% - 60% - 2:03
2 - 0% - 40% - 0:00
Last Minute Offensive - 0:00
Last Minute Defensive - 0:00
Total
Forward - 60:00
Defense - 60:00
|
% Time on Ice - Bruins
Lines # - Real PCT - Wanted PCT - Time Play
Normal Forward
1 - 33% - 40% - 15:42
2 - 28% - 30% - 13:05
3 - 24% - 20% - 11:06
4 - 15% - 10% - 7:17
Normal Defense
1 - 38% - 40% - 17:53
2 - 32% - 30% - 14:56
3 - 29% - 20% - 13:30
4 - 2% - 10% - 0:51
PP Forward
1 - 72% - 60% - 2:03
2 - 28% - 40% - 0:49
PP Defense
1 - 77% - 60% - 2:12
2 - 23% - 40% - 0:40
PK Forward
1 - 72% - 60% - 4:54
2 - 28% - 40% - 1:53
PK Defense
1 - 67% - 60% - 4:33
2 - 33% - 40% - 2:14
PK3 Forward
1 - 0% - 60%
2 - 0% - 40%
PK3 Defense
1 - 0% - 60%
2 - 0% - 40%
44 Forward
1 - 98% - 60% - 3:08
2 - 2% - 40% - 0:03
44 Defense
1 - 98% - 60% - 3:08
2 - 2% - 40% - 0:03
Last Minute Offensive - 0:00
Last Minute Defensive - 0:00
Total
Forward - 60:00
Defense - 60:00
|
Play-by-Play
1st period
0:01 of 1st period - Anze Kopitar wins face-off versus Henrik Sedin in neutral zone.
0:12 of 1st period - Snap shot by Henrik Sedin.
0:12 of 1st period - Stopped by Brian Elliott with a rebound.
0:37 of 1st period - Snap shot by Victor Oreskovich.
0:37 of 1st period - Stopped by Brian Elliott with a rebound.
0:40 of 1st period - Icing by Jordan Staal.
0:41 of 1st period - Mike Ribeiro wins face-off versus Jordan Staal in Kings zone.
1:06 of 1st period - Casey Cizikas is hit by Colton Parayko and loses puck.
1:22 of 1st period - Minor Penalty to Johnny Boychuk for Tripping.
1:23 of 1st period - Anze Kopitar wins face-off versus Wojtek Wolski in Bruins zone.
1:25 of 1st period - Snap shot by Anze Kopitar.
1:25 of 1st period - Goal by Anze Kopitar - Kings : 1 - Bruins : 0.
1:26 of 1st period - Henrik Sedin wins face-off versus Nathan MacKinnon in neutral zone.
1:57 of 1st period - Backhand shot by T.J Galiardi.
1:57 of 1st period - Shot Misses the Net.
2:17 of 1st period - Wrist shot by Steve Bernier.
2:17 of 1st period - Stopped by Kevin Poulin without a rebound.
2:18 of 1st period - Scott Hartnell wins face-off versus Anze Kopitar in Bruins zone.
2:27 of 1st period - Slapshot by Kyle Clifford.
2:27 of 1st period - Stopped by Kevin Poulin with a rebound.
3:42 of 1st period - Slapshot by Jonathan Toews.
3:42 of 1st period - Stopped by Brian Elliott with a rebound.
3:44 of 1st period - Wrist shot by Jason Demers.
3:44 of 1st period - Shot Hit the Post.
3:46 of 1st period - Wrist shot by Victor Oreskovich.
3:46 of 1st period - Stopped by Brian Elliott without a rebound.
3:47 of 1st period - Henrik Sedin wins face-off versus Anze Kopitar in Kings zone.
3:52 of 1st period - Snap shot by Wojtek Wolski.
3:52 of 1st period - Stopped by Brian Elliott with a rebound.
3:54 of 1st period - Slapshot by Johnny Boychuk.
3:54 of 1st period - Stopped by Brian Elliott without a rebound.
3:55 of 1st period - Henrik Sedin wins face-off versus Anze Kopitar in Kings zone.
4:26 of 1st period - Snap shot by Anze Kopitar.
4:26 of 1st period - Shot Misses the Net.
4:47 of 1st period - Snap shot by Anze Kopitar.
4:47 of 1st period - Shot Misses the Net.
4:59 of 1st period - Wrist shot by Henrik Sedin.
4:59 of 1st period - Deflect By Kyle Clifford.
4:59 of 1st period - Goal by Henrik Sedin - Kings : 1 - Bruins : 1.
5:00 of 1st period - Jonathan Toews wins face-off versus Sergey Kalinin in neutral zone.
5:22 of 1st period - Icing by Brendan Smith.
5:23 of 1st period - Jordan Staal wins face-off versus Mike Ribeiro in Bruins zone.
5:26 of 1st period - Snap shot by Gabriel Landeskog.
5:26 of 1st period - Stopped by Kevin Poulin without a rebound.
5:27 of 1st period - T.J Galiardi wins face-off versus Blake Wheeler in Bruins zone.
5:51 of 1st period - Jordan Staal is hit by Matt Read and loses puck.
6:09 of 1st period - Snap shot by Blake Wheeler.
6:09 of 1st period - Stopped by Kevin Poulin without a rebound.
6:10 of 1st period - Anze Kopitar wins face-off versus Jonathan Toews in Bruins zone.
6:46 of 1st period - Slapshot by Henrik Sedin.
6:46 of 1st period - Shot Misses the Net.
7:00 of 1st period - Wrist shot by David Pastrnak.
7:00 of 1st period - Stopped by Kevin Poulin with a rebound.
7:02 of 1st period - Snap shot by David Pastrnak.
7:02 of 1st period - Stopped by Kevin Poulin without a rebound.
7:03 of 1st period - Sergey Kalinin wins face-off versus Victor Oreskovich in Bruins zone.
7:26 of 1st period - Snap shot by Raphael Diaz.
7:26 of 1st period - Deflect By Brendan Smith.
7:26 of 1st period - Stopped by Kevin Poulin without a rebound.
7:27 of 1st period - Henrik Sedin wins face-off versus Kyle Clifford in Bruins zone.
7:36 of 1st period - Snap shot by Wojtek Wolski.
7:36 of 1st period - Stopped by Brian Elliott with a rebound.
8:20 of 1st period - Slapshot by Blake Wheeler.
8:20 of 1st period - Stopped by Kevin Poulin without a rebound.
8:21 of 1st period - Jonathan Toews wins face-off versus Blake Wheeler in Bruins zone.
8:32 of 1st period - Snap shot by Gabriel Landeskog.
8:32 of 1st period - Shot Misses the Net.
8:34 of 1st period - Snap shot by Gabriel Landeskog.
8:34 of 1st period - Shot Misses the Net.
8:36 of 1st period - Snap shot by Raphael Diaz.
8:36 of 1st period - Stopped by Kevin Poulin with a rebound.
8:38 of 1st period - Slapshot by Ladislav Smid.
8:38 of 1st period - Shot Blocked by Jonathan Toews.
8:54 of 1st period - Slapshot by Scott Hartnell.
8:54 of 1st period - Goal by Scott Hartnell - Kings : 1 - Bruins : 2.
8:55 of 1st period - Henrik Sedin wins face-off versus Anze Kopitar in neutral zone.
9:48 of 1st period - Slapshot by Jonathan Toews.
9:48 of 1st period - Goal by Jonathan Toews - Kings : 1 - Bruins : 3.
9:49 of 1st period - Henrik Sedin wins face-off versus Anze Kopitar in neutral zone.
9:58 of 1st period - Snap shot by Sergei Shirokov.
9:58 of 1st period - Stopped by Kevin Poulin with a rebound.
10:00 of 1st period - Wrist shot by Anze Kopitar.
10:00 of 1st period - Stopped by Kevin Poulin with a rebound.
10:02 of 1st period - Slapshot by Sergei Shirokov.
10:02 of 1st period - Stopped by Kevin Poulin with a rebound.
10:06 of 1st period - Wrist shot by Anze Kopitar.
10:06 of 1st period - Shot Misses the Net.
10:12 of 1st period - Minor Penalty to Dan Hamhuis for Hooking.
10:13 of 1st period - Anze Kopitar wins face-off versus Wojtek Wolski in Bruins zone.
10:27 of 1st period - Snap shot by Wojtek Wolski.
10:27 of 1st period - Stopped by Brian Elliott without a rebound.
10:28 of 1st period - Wojtek Wolski wins face-off versus Anze Kopitar in Kings zone.
10:35 of 1st period - Snap shot by Zack Kassian.
10:35 of 1st period - Deflect By Wojtek Wolski.
10:35 of 1st period - Stopped by Brian Elliott with a rebound.
10:53 of 1st period - Jason Demers is hit by Colton Parayko and loses puck.
12:12 of 1st period - Penalty to Dan Hamhuis is over, Dan Hamhuis is back on ice.
12:14 of 1st period - Anze Kopitar is hit by Johnny Boychuk.
12:24 of 1st period - Matt Read is hit by Steve Bernier and loses puck.
13:12 of 1st period - Shea Weber is hit by Jason Demers and loses puck.
15:46 of 1st period - Kyle Clifford is hit by Jason Demers and loses puck.
16:11 of 1st period - Gabriel Landeskog is hit by Jason Demers and loses puck.
16:16 of 1st period - Snap shot by T.J Galiardi.
16:16 of 1st period - Shot Blocked by Raphael Diaz.
16:18 of 1st period - Slapshot by Brendan Smith.
16:18 of 1st period - Shot Blocked by Ladislav Smid.
17:31 of 1st period - Blake Wheeler is hit by Dan Hamhuis and loses puck.
17:38 of 1st period - Wrist shot by T.J Galiardi.
17:38 of 1st period - Stopped by Brian Elliott without a rebound.
17:39 of 1st period - Jonathan Toews wins face-off versus Anze Kopitar in Kings zone.
17:56 of 1st period - Off-side.
17:57 of 1st period - Jordan Staal wins face-off versus Henrik Sedin in neutral zone.
19:17 of 1st period - Slapshot by Henrik Sedin.
19:17 of 1st period - Stopped by Brian Elliott with a rebound.
19:34 of 1st period - Minor Penalty to Kris Chucko for Holding.
19:35 of 1st period - Anze Kopitar wins face-off versus Wojtek Wolski in Bruins zone.
19:37 of 1st period - Wrist shot by Anze Kopitar.
19:37 of 1st period - Stopped by Kevin Poulin with a rebound.
19:57 of 1st period - Zack Kassian is hit by Anze Kopitar and loses puck.
Goals for this period are 1 for Kings vs 3 for Bruins.
Shots for this period are 14 for Kings vs 14 for Bruins.
2nd period
0:01 of 2nd period - Wojtek Wolski wins face-off versus Anze Kopitar in neutral zone.
1:19 of 2nd period - Off-side.
1:20 of 2nd period - Anze Kopitar wins face-off versus Henrik Sedin in neutral zone.
1:34 of 2nd period - Penalty to Kris Chucko is over, Kris Chucko is back on ice.
1:43 of 2nd period - Icing by Mike Ribeiro.
1:44 of 2nd period - Mike Ribeiro wins face-off versus Nathan MacKinnon in Bruins zone.
1:44 of 2nd period - Mike Ribeiro is hit by Eric Nystrom.
1:52 of 2nd period - Colton Parayko is hit by Matt Read and loses puck.
2:09 of 2nd period - Slava Voynov is hit by Nathan MacKinnon and loses puck.
2:34 of 2nd period - Snap shot by Nathan MacKinnon.
2:34 of 2nd period - Stopped by Kevin Poulin with a rebound.
3:02 of 2nd period - Wrist shot by Eric Nystrom.
3:02 of 2nd period - Stopped by Kevin Poulin without a rebound.
3:03 of 2nd period - Henrik Sedin wins face-off versus Kyle Clifford in Bruins zone.
3:39 of 2nd period - Off-side.
3:40 of 2nd period - Jordan Staal wins face-off versus Henrik Sedin in neutral zone.
3:45 of 2nd period - Slapshot by Jordan Staal.
3:45 of 2nd period - Stopped by Kevin Poulin with a rebound.
3:51 of 2nd period - Wrist shot by Zack Kassian.
3:51 of 2nd period - Stopped by Brian Elliott with a rebound.
3:53 of 2nd period - Wrist shot by Jason Demers.
3:53 of 2nd period - Shot Misses the Net.
4:26 of 2nd period - Snap shot by Casey Cizikas.
4:26 of 2nd period - Shot Misses the Net.
4:28 of 2nd period - Wrist shot by Dan Hamhuis.
4:28 of 2nd period - Stopped by Brian Elliott without a rebound.
4:29 of 2nd period - Casey Cizikas wins face-off versus Sergey Kalinin in Kings zone.
4:39 of 2nd period - Minor Penalty to David Pastrnak for Tripping.
4:40 of 2nd period - Anze Kopitar wins face-off versus Henrik Sedin in Kings zone.
4:40 of 2nd period - Anze Kopitar is hit by Wojtek Wolski.
4:54 of 2nd period - Slapshot by Zack Kassian.
4:54 of 2nd period - Stopped by Brian Elliott without a rebound.
4:55 of 2nd period - Anze Kopitar wins face-off versus Wojtek Wolski in Kings zone.
6:39 of 2nd period - Penalty to David Pastrnak is over, David Pastrnak is back on ice.
6:46 of 2nd period - Wrist shot by Nathan MacKinnon.
6:46 of 2nd period - Shot Blocked by Jason Demers.
6:52 of 2nd period - Steve Bernier is hit by Matt Read.
7:17 of 2nd period - Icing by Slava Voynov.
7:18 of 2nd period - Casey Cizikas wins face-off versus Anze Kopitar in Bruins zone.
7:23 of 2nd period - Anze Kopitar is hit by Ian Cole.
8:13 of 2nd period - Minor Penalty to Ian Cole for Cross-checking.
8:14 of 2nd period - Wojtek Wolski wins face-off versus Anze Kopitar in Bruins zone.
8:24 of 2nd period - Slapshot by Colton Parayko.
8:24 of 2nd period - Stopped by Kevin Poulin without a rebound.
8:25 of 2nd period - Anze Kopitar wins face-off versus Wojtek Wolski in Bruins zone.
8:28 of 2nd period - Snap shot by Kyle Clifford.
8:28 of 2nd period - Stopped by Kevin Poulin with a rebound.
8:44 of 2nd period - Zack Kassian is hit by Kyle Clifford and loses puck.
9:01 of 2nd period - Snap shot by Sergei Shirokov.
9:01 of 2nd period - Stopped by Kevin Poulin without a rebound.
9:02 of 2nd period - Henrik Sedin wins face-off versus Jordan Staal in Bruins zone.
10:13 of 2nd period - Penalty to Ian Cole is over, Ian Cole is back on ice.
10:41 of 2nd period - Slapshot by Eric Nystrom.
10:41 of 2nd period - Shot Blocked by Slava Voynov.
10:47 of 2nd period - Snap shot by Nathan MacKinnon.
10:47 of 2nd period - Deflect By Steve Bernier.
10:47 of 2nd period - Shot Misses the Net.
10:47 of 2nd period - Puck is out of play.
10:48 of 2nd period - Gabriel Landeskog wins face-off versus Jonathan Toews in Bruins zone.
10:49 of 2nd period - Snap shot by Jordan Staal.
10:49 of 2nd period - Shot Misses the Net.
10:51 of 2nd period - Snap shot by Jordan Staal.
10:51 of 2nd period - Shot Misses the Net.
10:53 of 2nd period - Wrist shot by Jordan Staal.
10:53 of 2nd period - Shot Misses the Net.
10:55 of 2nd period - Snap shot by Gabriel Landeskog.
10:55 of 2nd period - Shot Misses the Net.
10:57 of 2nd period - Slapshot by Raphael Diaz.
10:57 of 2nd period - Shot Misses the Net.
10:59 of 2nd period - Snap shot by Jordan Staal.
10:59 of 2nd period - Deflect By Gabriel Landeskog.
10:59 of 2nd period - Shot Misses the Net.
10:59 of 2nd period - Puck is out of play.
11:00 of 2nd period - Henrik Sedin wins face-off versus Blake Wheeler in Bruins zone.
11:00 of 2nd period - Henrik Sedin is hit by Raphael Diaz.
11:29 of 2nd period - Slapshot by Johnny Boychuk.
11:29 of 2nd period - Stopped by Brian Elliott without a rebound.
11:30 of 2nd period - Nathan MacKinnon wins face-off versus Jonathan Toews in Kings zone.
11:57 of 2nd period - Snap shot by Eric Nystrom.
11:57 of 2nd period - Stopped by Kevin Poulin without a rebound.
11:58 of 2nd period - Henrik Sedin wins face-off versus Anze Kopitar in Bruins zone.
12:52 of 2nd period - Wrist shot by Jonathan Toews.
12:52 of 2nd period - Shot Misses the Net.
13:18 of 2nd period - Brendan Smith is hit by Colton Parayko and loses puck.
14:01 of 2nd period - Snap shot by Jordan Staal.
14:01 of 2nd period - Stopped by Kevin Poulin without a rebound.
14:02 of 2nd period - Jordan Staal wins face-off versus Jonathan Toews in Bruins zone.
14:29 of 2nd period - Jordan Staal is hit by T.J Galiardi and loses puck.
14:34 of 2nd period - Backhand shot by Matt Read.
14:34 of 2nd period - Shot Misses the Net.
14:39 of 2nd period - Icing by Seth Jones.
14:40 of 2nd period - Henrik Sedin wins face-off versus Jordan Staal in Kings zone.
14:43 of 2nd period - Snap shot by Zack Kassian.
14:43 of 2nd period - Shot Blocked by Seth Jones.
14:49 of 2nd period - Slapshot by Seth Jones.
14:49 of 2nd period - Stopped by Kevin Poulin with a rebound.
14:51 of 2nd period - Slapshot by Jordan Staal.
14:51 of 2nd period - Goal by Jordan Staal - Kings : 2 - Bruins : 3.
14:52 of 2nd period - Anze Kopitar wins face-off versus Henrik Sedin in neutral zone.
14:56 of 2nd period - Colton Parayko is hit by Brendan Smith and loses puck.
15:09 of 2nd period - Snap shot by Zack Kassian.
15:09 of 2nd period - Shot Misses the Net.
15:26 of 2nd period - Snap shot by Zack Kassian.
15:26 of 2nd period - Stopped by Brian Elliott with a rebound.
15:54 of 2nd period - Snap shot by Kyle Clifford.
15:54 of 2nd period - Shot Misses the Net.
15:56 of 2nd period - Slapshot by Colton Parayko.
15:56 of 2nd period - Shot Blocked by Jason Demers.
16:22 of 2nd period - Slapshot by Sergei Shirokov.
16:22 of 2nd period - Stopped by Kevin Poulin without a rebound.
16:23 of 2nd period - Jonathan Toews wins face-off versus Jordan Staal in Bruins zone.
16:53 of 2nd period - Off-side.
16:54 of 2nd period - Nathan MacKinnon wins face-off versus Mike Ribeiro in neutral zone.
16:59 of 2nd period - Snap shot by Nathan MacKinnon.
16:59 of 2nd period - Shot Blocked by Ian Cole.
17:27 of 2nd period - Wrist shot by Nathan MacKinnon.
17:27 of 2nd period - Stopped by Kevin Poulin without a rebound.
17:28 of 2nd period - Jordan Staal wins face-off versus Jonathan Toews in Bruins zone.
17:55 of 2nd period - Johnny Boychuk is hit by Raphael Diaz and loses puck.
18:02 of 2nd period - Wrist shot by David Pastrnak.
18:02 of 2nd period - Stopped by Kevin Poulin without a rebound.
18:03 of 2nd period - Henrik Sedin wins face-off versus Anze Kopitar in Bruins zone.
18:30 of 2nd period - Slapshot by Colton Parayko.
18:30 of 2nd period - Shot Blocked by Jonathan Toews.
18:32 of 2nd period - Minor Penalty to Victor Oreskovich for Elbowing.
18:33 of 2nd period - Wojtek Wolski wins face-off versus Anze Kopitar in Bruins zone.
18:33 of 2nd period - Wojtek Wolski is hit by Kyle Clifford.
18:39 of 2nd period - Minor Penalty to Anze Kopitar for Slashing.
18:40 of 2nd period - Wojtek Wolski wins face-off versus Eric Nystrom in Kings zone.
18:45 of 2nd period - Snap shot by Zack Kassian.
18:45 of 2nd period - Stopped by Brian Elliott without a rebound.
18:46 of 2nd period - Eric Nystrom wins face-off versus Wojtek Wolski in Kings zone.
18:53 of 2nd period - Wrist shot by Zack Kassian.
18:53 of 2nd period - Shot Blocked by Colton Parayko.
18:55 of 2nd period - Snap shot by Wojtek Wolski.
18:55 of 2nd period - Stopped by Brian Elliott with a rebound.
18:57 of 2nd period - Snap shot by Zack Kassian.
18:57 of 2nd period - Shot Misses the Net.
18:59 of 2nd period - Backhand shot by Brendan Smith.
18:59 of 2nd period - Stopped by Brian Elliott without a rebound.
19:00 of 2nd period - Wojtek Wolski wins face-off versus Eric Nystrom in Kings zone.
19:01 of 2nd period - Snap shot by Zack Kassian.
19:01 of 2nd period - Shot Misses the Net.
19:23 of 2nd period - Minor Penalty to Shea Weber for Hooking.
19:24 of 2nd period - Jeff Tambellini wins face-off versus Wojtek Wolski in Kings zone.
Goals for this period are 1 for Kings vs 0 for Bruins.
Shots for this period are 13 for Kings vs 8 for Bruins.
3rd period
0:01 of 3rd period - Wojtek Wolski wins face-off versus Jeff Tambellini in neutral zone.
0:04 of 3rd period - Slapshot by Brendan Smith.
0:04 of 3rd period - Stopped by Brian Elliott with a rebound.
0:32 of 3rd period - Penalty to Victor Oreskovich is over, Victor Oreskovich is back on ice.
0:39 of 3rd period - Penalty to Anze Kopitar is over, Anze Kopitar is back on ice.
0:42 of 3rd period - Wrist shot by Victor Oreskovich.
0:42 of 3rd period - Shot Blocked by Colton Parayko.
0:44 of 3rd period - Slapshot by Wojtek Wolski.
0:44 of 3rd period - Goal by Wojtek Wolski - Kings : 2 - Bruins : 4.
0:45 of 3rd period - Anze Kopitar wins face-off versus Jonathan Toews in neutral zone.
1:02 of 3rd period - Sergei Shirokov is hit by Jonathan Toews and loses puck.
1:59 of 3rd period - Jason Demers is hit by Raphael Diaz and loses puck.
3:27 of 3rd period - Minor Penalty to Johnny Boychuk for Tripping.
3:28 of 3rd period - Anze Kopitar wins face-off versus Wojtek Wolski in Bruins zone.
3:30 of 3rd period - Snap shot by Sergei Shirokov.
3:30 of 3rd period - Deflect By Zack Kassian.
3:30 of 3rd period - Stopped by Kevin Poulin with a rebound.
3:32 of 3rd period - Snap shot by Kyle Clifford.
3:32 of 3rd period - Shot Misses the Net.
3:38 of 3rd period - Wrist shot by Anze Kopitar.
3:38 of 3rd period - Stopped by Kevin Poulin with a rebound.
3:40 of 3rd period - Wrist shot by Anze Kopitar.
3:40 of 3rd period - Deflect By Sergei Shirokov.
3:40 of 3rd period - Shot Hit the Post.
3:40 of 3rd period - Puck is out of play.
3:41 of 3rd period - Wojtek Wolski wins face-off versus Anze Kopitar in Bruins zone.
3:45 of 3rd period - Off-side.
3:46 of 3rd period - Anze Kopitar wins face-off versus Wojtek Wolski in neutral zone.
4:01 of 3rd period - Snap shot by Sergei Shirokov.
4:01 of 3rd period - Stopped by Kevin Poulin with a rebound.
4:07 of 3rd period - Minor Penalty to Shea Weber for Hooking.
4:08 of 3rd period - Wojtek Wolski wins face-off versus Anze Kopitar in Kings zone.
4:17 of 3rd period - Wrist shot by Anze Kopitar.
4:17 of 3rd period - Stopped by Kevin Poulin without a rebound.
4:18 of 3rd period - Wojtek Wolski wins face-off versus Anze Kopitar in Bruins zone.
5:13 of 3rd period - Wrist shot by Wojtek Wolski.
5:13 of 3rd period - Shot Misses the Net.
5:27 of 3rd period - Penalty to Johnny Boychuk is over, Johnny Boychuk is back on ice.
6:07 of 3rd period - Penalty to Shea Weber is over, Shea Weber is back on ice.
6:17 of 3rd period - Snap shot by Zack Kassian.
6:17 of 3rd period - Stopped by Brian Elliott with a rebound.
6:19 of 3rd period - Wrist shot by Jason Demers.
6:19 of 3rd period - Stopped by Brian Elliott with a rebound.
6:21 of 3rd period - Wrist shot by Zack Kassian.
6:21 of 3rd period - Goal by Zack Kassian - Kings : 2 - Bruins : 5.
6:22 of 3rd period - Nathan MacKinnon wins face-off versus Jonathan Toews in neutral zone.
6:25 of 3rd period - Slapshot by Ladislav Smid.
6:25 of 3rd period - Deflect By Victor Oreskovich.
6:25 of 3rd period - Stopped by Kevin Poulin without a rebound.
6:26 of 3rd period - Jonathan Toews wins face-off versus Nathan MacKinnon in Bruins zone.
6:37 of 3rd period - Snap shot by Nathan MacKinnon.
6:37 of 3rd period - Stopped by Kevin Poulin with a rebound.
6:39 of 3rd period - Slapshot by Eric Nystrom.
6:39 of 3rd period - Stopped by Kevin Poulin without a rebound.
6:40 of 3rd period - Jonathan Toews wins face-off versus Anze Kopitar in Bruins zone.
7:59 of 3rd period - Slapshot by Jeff Tambellini.
7:59 of 3rd period - Shot Misses the Net.
8:01 of 3rd period - Slapshot by Jacob Trouba.
8:01 of 3rd period - Shot Misses the Net.
8:15 of 3rd period - Jacob Trouba is hit by Victor Oreskovich and loses puck.
8:24 of 3rd period - Jonathan Toews is hit by Jacob Trouba and loses puck.
8:37 of 3rd period - Slapshot by Matt Read.
8:37 of 3rd period - Stopped by Brian Elliott with a rebound.
9:35 of 3rd period - Icing by Shea Weber.
9:36 of 3rd period - Anze Kopitar wins face-off versus Mike Ribeiro in Kings zone.
9:43 of 3rd period - Snap shot by T.J Galiardi.
9:43 of 3rd period - Shot Blocked by Kyle Clifford.
10:07 of 3rd period - Snap shot by Wojtek Wolski.
10:07 of 3rd period - Stopped by Brian Elliott without a rebound.
10:08 of 3rd period - Henrik Sedin wins face-off versus Jordan Staal in Kings zone.
11:59 of 3rd period - Jacob Trouba is hit by Rene Bourque and loses puck.
12:22 of 3rd period - Wrist shot by Blake Wheeler.
12:22 of 3rd period - Stopped by Kevin Poulin with a rebound.
12:24 of 3rd period - Wrist shot by Colton Parayko.
12:24 of 3rd period - Deflect By Jordan Staal.
12:24 of 3rd period - Stopped by Kevin Poulin without a rebound.
12:25 of 3rd period - Jordan Staal wins face-off versus Mike Ribeiro in Bruins zone.
12:28 of 3rd period - Wrist shot by Jordan Staal.
12:28 of 3rd period - Deflect By Gabriel Landeskog.
12:28 of 3rd period - Shot Hit the Post.
12:28 of 3rd period - Puck is out of play.
12:29 of 3rd period - Jonathan Toews wins face-off versus Anze Kopitar in Bruins zone.
13:08 of 3rd period - Slapshot by Colton Parayko.
13:08 of 3rd period - Shot Blocked by T.J Galiardi.
13:32 of 3rd period - Ian Cole is hit by Raphael Diaz and loses puck.
13:43 of 3rd period - Slapshot by Zack Kassian.
13:43 of 3rd period - Deflect By Henrik Sedin.
13:43 of 3rd period - Stopped by Brian Elliott with a rebound.
14:14 of 3rd period - Off-side.
14:15 of 3rd period - Jonathan Toews wins face-off versus Anze Kopitar in neutral zone.
14:18 of 3rd period - Wrist shot by Brendan Smith.
14:18 of 3rd period - Stopped by Brian Elliott with a rebound.
14:20 of 3rd period - Snap shot by Jonathan Toews.
14:20 of 3rd period - Stopped by Brian Elliott with a rebound.
14:57 of 3rd period - Wrist shot by Jordan Staal.
14:57 of 3rd period - Stopped by Kevin Poulin without a rebound.
14:58 of 3rd period - Jordan Staal wins face-off versus Mike Ribeiro in Bruins zone.
15:01 of 3rd period - Backhand shot by Gabriel Landeskog.
15:01 of 3rd period - Shot Hit the Post.
15:10 of 3rd period - Snap shot by Mike Ribeiro.
15:10 of 3rd period - Shot Blocked by Seth Jones.
15:12 of 3rd period - Slapshot by Dan Hamhuis.
15:12 of 3rd period - Shot Misses the Net.
15:14 of 3rd period - Wrist shot by T.J Galiardi.
15:14 of 3rd period - Shot Misses the Net.
15:24 of 3rd period - Henrik Sedin is hit by Anze Kopitar and loses puck.
15:49 of 3rd period - Wrist shot by Eric Nystrom.
15:49 of 3rd period - Stopped by Kevin Poulin with a rebound.
15:51 of 3rd period - Snap shot by Steve Bernier.
15:51 of 3rd period - Stopped by Kevin Poulin without a rebound.
15:52 of 3rd period - Anze Kopitar wins face-off versus Zack Kassian in Bruins zone.
16:21 of 3rd period - Snap shot by Gabriel Landeskog.
16:21 of 3rd period - Shot Misses the Net.
16:23 of 3rd period - Slapshot by Jordan Staal.
16:23 of 3rd period - Deflect By Brendan Smith.
16:23 of 3rd period - Stopped by Kevin Poulin with a rebound.
16:25 of 3rd period - Slapshot by Ladislav Smid.
16:25 of 3rd period - Shot Misses the Net.
16:31 of 3rd period - Wrist shot by Jordan Staal.
16:31 of 3rd period - Stopped by Kevin Poulin without a rebound.
16:32 of 3rd period - Henrik Sedin wins face-off versus Anze Kopitar in Bruins zone.
16:57 of 3rd period - Blake Wheeler is hit by Victor Oreskovich.
17:29 of 3rd period - Snap shot by T.J Galiardi.
17:29 of 3rd period - Shot Hit the Post.
17:56 of 3rd period - Icing by Kris Chucko.
17:57 of 3rd period - Casey Cizikas wins face-off versus Anze Kopitar in Bruins zone.
19:14 of 3rd period - Wrist shot by Rene Bourque.
19:14 of 3rd period - Shot Blocked by Ladislav Smid.
19:16 of 3rd period - Wrist shot by Rene Bourque.
19:16 of 3rd period - Stopped by Brian Elliott with a rebound.
19:48 of 3rd period - Gabriel Landeskog is hit by Scott Hartnell and loses puck.
Goals for this period are 0 for Kings vs 2 for Bruins.
Shots for this period are 14 for Kings vs 11 for Bruins.